Map: Taito Citadel LE

Players

Secondchance

  • Race: Terran Terran
  • League: Gold
  • Spawn Location: 11:00

SCIInewby - Winner!

  • Race: Protoss Protoss
  • League: Master
  • Spawn Location: 5:00

VOD

Have the link to the VOD?

Description

Time

  • Played on: Feb. 11, 2026, 11:01 a.m.
  • Length: 8:04
Show
View Real Time Build Order
Export as new Build Order

Secondchance Terran 

Build Orders:  

Get SALT Encoding   

  12  0:00  SCV  
  13  0:12  SCV  
  14  0:19  Supply Depot  
  14  0:24  SCV  
  15  0:31  Refinery  
  15  0:40  SCV  
  16  0:46  Barracks  
  16  0:52  SCV  
  17  1:08  SCV  
  18  1:19  Refinery  
  18  1:20  Supply Depot  
  18  1:23  SCV  
  19  1:35  Marine  
  19  1:38  Orbital Command  
  20  1:56  Factory  
  20  2:03  Supply Depot  
  20  2:09  SCV  
  20  2:14  Marine  
  22  2:23  SCV  
  22  2:29  Barracks  
  23  2:34  Marine  
  24  2:41  Factory Tech Lab, Armory  
  24  2:47  SCV  
  25  2:58  Barracks Reactor  
  25  3:04  Starport  
  25  3:05  Widow Mine  
  27  3:12  SCV  
  28  3:19  Bunker  
  28  3:26  Widow Mine  
  30  3:28  SCV  
  30  3:33  Drilling Claws  
  31  3:39  Terran Vehicle Weapons Level 1  
  31  3:41  SCV  
  32  3:47  Barracks Tech Lab, Widow Mine  
  34  4:06  Liberator, Medivac  
  39  4:11  Supply Depot  
  39  4:32  Command Center  
  39  4:33  Widow Mine  
  41  4:43  SCV  
  41  4:44  Marine  
  41  4:45  Barracks  
  43  5:03  SCV  
  44  5:08  Engineering Bay  
  44  5:11  Marine x2  
  44  5:12  Barracks  
  46  5:21  Combat Shield  
  46  5:39  Marine  
  47  5:43  Marine x2  
  46  5:56  Orbital Command, Marine  
  47  6:01  Marine x2  
  47  6:02  Terran Infantry Weapons Level 1  
  49  6:07  SCV  
  50  6:14  Marine  
  51  6:20  Marauder  
  51  6:23  Command Center  
  51  6:24  Marine, Bunker  
  54  6:27  Refinery  
  54  6:31  Barracks  
  54  6:32  Marine  
  53  6:34  Widow Mine  
  53  6:35  SCV  
  53  6:36  SCV  
  36  7:05  Bunker, Liberator x2  
  36  7:07  Marauder  
  36  7:08  Siege Tank  
  47  7:15  Barracks  
  46  7:19  Marine  
  46  7:22  Marine  
  47  7:29  Marauder  
Show
View Real Time Build Order
Export as new Build Order

SCIInewby Protoss - Winner!

Build Orders:  

Get SALT Encoding   

  12  0:00  Probe  
  13  0:12  Probe  
  14  0:20  Pylon  
  14  0:29  Probe  
  15  0:40  Gateway  
  15  0:41  Probe  
  15  0:49  Probe  
  17  0:58  Assimilator  
  17  0:59  Probe  
  18  1:11  Probe  
  19  1:20  Probe  
  20  1:29  Probe  
  20  1:33  Cybernetics Core  
  20  1:37  Probe  
  20  1:39  Forge  
  21  1:42  Pylon  
  23  1:55  Assimilator  
  23  2:00  Zealot  
  23  2:17  Nexus  
  23  2:20  Warp Gate  
  23  2:23  Pylon  
  23  2:26  Probe  
  24  2:39  Gateway  
  24  2:42  Protoss Ground Weapons Level 1  
  24  3:01  Pylon  
  24  3:02  Zealot  
  26  3:23  Photon Cannon  
  26  3:27  Probe x2  
  28  3:35  Probe x2  
  28  3:37  Photon Cannon  
  30  3:42  Pylon  
  30  3:45  Probe  
  31  3:49  Probe  
  31  3:51  Gateway  
  32  3:57  Probe  
  32  4:01  Probe  
  34  4:05  Twilight Council  
  34  4:10  Pylon  
  34  4:13  Zealot  
  34  4:16  Zealot  
  38  4:18  Probe  
  38  4:20  Probe  
  38  4:22  Charge  
  40  4:26  Probe  
  41  4:33  Probe  
  41  4:34  Gateway  
  42  4:40  Stargate  
  42  4:48  Assimilator  
  42  4:49  Probe  
  42  4:50  Probe  
  44  5:00  Dark Shrine  
  44  5:02  Probe x2  
  44  5:05  Stalker  
  48  5:07  Stalker  
  48  5:11  Zealot  
  52  5:18  Probe  
  52  5:19  Probe  
  54  5:22  Assimilator  
  54  5:31  Probe x2  
  56  5:37  Zealot x4  
  64  5:43  Probe  
  65  5:54  Photon Cannon  
  61  5:58  Photon Cannon  
  61  6:05  Pylon  
  61  6:13  Dark Templar  
  61  6:14  Dark Templar x2  
  67  6:20  Probe  
  67  6:24  Probe  
  68  6:29  Probe  
  68  6:36  Probe  
  68  6:38  Probe  
  71  6:48  Nexus, Probe  
  70  6:55  Pylon  
  70  6:56  Zealot x3  
  70  6:57  Zealot  
  70  7:00  Probe  
  79  7:07  Pylon  
  79  7:13  Assimilator  
  79  7:18  Assimilator  
  77  7:40  Probe x2  
  79  7:52  Probe  
  74  8:00  Photon Cannon  
  68  8:03  Photon Cannon  
Tags
 
Matchup
PvT
Replay Pack
vannon
Spawn Locations
Cross Positions
Add a new tag
Caveats
  • Supply blocks, unpowered buildings, or Contaminate may cause inaccurate times.
  • Supply counts are checked every 10 seconds.